| TOP OF THE 1ST |
|
Phoenix Giants batting - Pitching for Eugene Emeralds : RHP Armando Gutierrez
|
|
Pitching: RHP Armando Gutierrez
|
|
|
Batting: LHB Gordon Hahn
|
0-0: Ground out 6-3 (Groundball, 6, EV 97.5 MPH)
|
|
Batting: LHB Raymond Rivas
|
0-0: Fly out, F8 (Line Drive, 8LD, EV 95.6 MPH)
|
|
Batting: LHB Ernie Riles
|
0-0: Ground out 5-3 (Groundball, 5L, EV 87.5 MPH)
|
| Top of the 1st over - 0 runs, 0 hits, 0 errors, 0 left on base; Phoenix 0 - Eugene 0 |
| BOTTOM OF THE 1ST |
|
Eugene Emeralds batting - Pitching for Phoenix Giants : LHP Robert Blake
|
|
Pitching: LHP Robert Blake
|
|
|
Batting: LHB James Peters
|
0-0: Foul Ball, location: 2F 0-1: Ball 1-1: Foul Ball, location: 2F 1-2: Strikes out swinging
|
|
Batting: LHB Randy Bush
|
0-0: Ball 1-0: Ball 2-0: Called Strike 2-1: Ball 3-1: Foul Ball, location: 2F 3-2: Strikes out looking
|
|
Batting: LHB Ty Gainey
|
0-0: Called Strike 0-1: Ball 1-1: Foul Ball, location: 2F 1-2: Foul Ball, location: 2F 1-2: Strikes out swinging
|
| Bottom of the 1st over - 0 runs, 0 hits, 0 errors, 0 left on base; Phoenix 0 - Eugene 0 |
| TOP OF THE 2ND |
|
Phoenix Giants batting - Pitching for Eugene Emeralds : RHP Armando Gutierrez
|
|
Batting: SHB John Macauley
|
0-0: Foul Ball, location: 2F 0-1: Ball 1-1: Ball 2-1: Ball 3-1: Fly out, F3 (Popup, 3S, EV 78.1 MPH)
|
|
Batting: RHB Paul Zuvella
|
0-0: Ball 1-0: Called Strike 1-1: Ground out 6-3 (Groundball, 6, EV 84.4 MPH)
|
|
Batting: LHB Joseph Bruno
|
0-0: SOLO HOME RUN (Flyball, 89XD, EV 94.4 MPH), Distance : 406 ft
|
|
Batting: SHB Razor Shines
|
0-0: Ball 1-0: Called Strike 1-1: Ball 2-1: Called Strike 2-2: Ball 3-2: Foul Ball, location: 2F 3-2: Foul Ball, location: 2F 3-2: Fly out, F8 (Flyball, 8LM, EV 86.9 MPH)
|
| Top of the 2nd over - 1 run, 1 hit, 0 errors, 0 left on base; Phoenix 1 - Eugene 0 |
| BOTTOM OF THE 2ND |
|
Eugene Emeralds batting - Pitching for Phoenix Giants : LHP Robert Blake
|
|
Batting: LHB Dave Revering
|
0-0: Foul Ball, location: 2F 0-1: SINGLE (Line Drive, 3D, EV 97.5 MPH)
|
|
Batting: RHB Tim Wallach
|
0-0: Ball 1-0: Called Strike 1-1: Foul Ball, location: 2F 1-2: Foul Ball, location: 2F 1-2: Ball 2-2: 2-RUN HOME RUN (Flyball, 7D, EV 114.4 MPH), Distance : 377 ft
|
|
Batting: LHB Rick Lancellotti
|
0-0: Fly out, F7 (Flyball, 8LM, EV 88.1 MPH)
|
|
Batting: RHB Alan McDonald
|
0-0: Fly out, F9 (Flyball, 9, EV 93.1 MPH)
|
|
Batting: RHB Mike Diaz
|
0-0: Called Strike 0-1: Reached on error, E6 (Groundball, 6, EV 80.0 MPH)
|
|
Batting: LHB Richard Rickman
|
0-0: Ball Wild Pitch! Mike Diaz to second 1-0: Fly out, F9 (Flyball, 9LM, EV 91.9 MPH)
|
| Bottom of the 2nd over - 2 runs, 2 hits, 1 error, 1 left on base; Phoenix 1 - Eugene 2 |
| TOP OF THE 3RD |
|
Phoenix Giants batting - Pitching for Eugene Emeralds : RHP Armando Gutierrez
|
|
Batting: LHB Glenn Arnett
|
0-0: Fly out, F6 (Line Drive, 6, EV 61.3 MPH)
|
|
Batting: LHB Frank Gill
|
0-0: Called Strike 0-1: Called Strike 0-2: Ball 1-2: Foul Ball, location: 2F 1-2: Ball 2-2: SINGLE (Groundball, 4MD, EV 104.4 MPH)
|
|
Batting: LHB Gordon Hahn
|
0-0: Foul Ball, location: 2F 0-1: Foul Ball, location: 2F 0-2: Ball 1-2: Foul Ball, location: 2F 1-2: Foul Ball, location: 2F 1-2: Ball 2-2: Foul Ball, location: 2F 2-2: SINGLE (Groundball, 56D, EV 103.8 MPH) Frank Gill to second
|
|
Batting: LHB Raymond Rivas
|
0-0: Called Strike 0-1: Grounds out, U3 (Groundball, 3L, EV 86.9 MPH) Frank Gill to third
|
|
Batting: LHB Ernie Riles
|
0-0: Ball 1-0: Called Strike 1-1: Ball 2-1: SINGLE (Groundball, 4MD, EV 100.0 MPH) Frank Gill scores Gordon Hahn to third Runner from 3rd tries for Home, SAFE, throw by CF to home
|
|
Batting: SHB John Macauley
|
0-0: Ball 1-0: Ball 2-0: Swinging Strike 2-1: Called Strike 2-2: Ball 3-2: Base on Balls Ernie Riles to second
|
|
Batting: RHB Paul Zuvella
|
0-0: Ball 1-0: Swinging Strike 1-1: Ball 2-1: Ball 3-1: Ground out 4-3 (Groundball, 4, EV 86.9 MPH)
|
| Top of the 3rd over - 2 runs, 3 hits, 0 errors, 2 left on base; Phoenix 3 - Eugene 2 |
| BOTTOM OF THE 3RD |
|
Eugene Emeralds batting - Pitching for Phoenix Giants : LHP Robert Blake
|
|
Batting: LHB James Peters
|
0-0: Ball 1-0: Foul Ball, location: 2F 1-1: Called Strike 1-2: Ball 2-2: Foul Ball, location: 2F 2-2: Foul Ball, location: 2F 2-2: Strikes out swinging
|
|
Batting: LHB Randy Bush
|
0-0: Ball 1-0: Ball 2-0: Called Strike 2-1: Ball 3-1: Fly out, F8 (Flyball, 8LXD, EV 106.9 MPH)
|
|
Batting: LHB Ty Gainey
|
0-0: Ball 1-0: Swinging Strike 1-1: Foul Ball, location: 2F 1-2: Ball 2-2: Ball 3-2: Strikes out swinging
|
| Bottom of the 3rd over - 0 runs, 0 hits, 0 errors, 0 left on base; Phoenix 3 - Eugene 2 |
| TOP OF THE 4TH |
|
Phoenix Giants batting - Pitching for Eugene Emeralds : RHP Armando Gutierrez
|
|
Batting: LHB Joseph Bruno
|
0-0: Ball 1-0: Ground out U3 (Groundball, 3, EV 108.8 MPH)
|
|
Batting: SHB Razor Shines
|
0-0: Swinging Strike 0-1: Ball 1-1: Ball 2-1: Swinging Strike 2-2: Foul Ball, location: 2F 2-2: Fly out, F8 (Flyball, 8LXD, EV 105.6 MPH)
|
|
Batting: LHB Glenn Arnett
|
0-0: Called Strike 0-1: Ball 1-1: Ball 2-1: Ball 3-1: Base on Balls
|
|
Batting: LHB Frank Gill
|
0-0: Ball Glenn Arnett is caught stealing 2nd base 2-6
|
| Top of the 4th over - 0 runs, 0 hits, 0 errors, 0 left on base; Phoenix 3 - Eugene 2 |
| BOTTOM OF THE 4TH |
|
Eugene Emeralds batting - Pitching for Phoenix Giants : LHP Robert Blake
|
|
Batting: LHB Dave Revering
|
0-0: Foul Ball, location: 2F 0-1: Ball 1-1: Ball 2-1: Foul Ball, location: 2F 2-2: Foul Ball, location: 2F 2-2: Ball 3-2: Base on Balls
|
|
Batting: RHB Tim Wallach
|
0-0: Called Strike 0-1: SINGLE (Line Drive, 7LM, EV 97.5 MPH) Dave Revering to second
|
|
Batting: LHB Rick Lancellotti
|
0-0: Called Strike 0-1: Called Strike 0-2: Ball 1-2: Ball 2-2: Ball 3-2: Strikes out swinging Tim Wallach is caught stealing 2nd base 2-6 Dave Revering steals 3rd base Batter strikes out.
|
|
Batting: RHB Alan McDonald
|
0-0: Called Strike 0-1: Foul Ball, location: 2F 0-2: Ball 1-2: Fly out, F7 (Flyball, 7D, EV 88.8 MPH)
|
| Bottom of the 4th over - 0 runs, 1 hit, 0 errors, 1 left on base; Phoenix 3 - Eugene 2 |
| TOP OF THE 5TH |
|
Phoenix Giants batting - Pitching for Eugene Emeralds : RHP Armando Gutierrez
|
|
Batting: LHB Frank Gill
|
0-0: Swinging Strike 0-1: Ball 1-1: Ball 2-1: Called Strike 2-2: Ground out 4-3 (Groundball, 4, EV 90.0 MPH)
|
|
Batting: LHB Gordon Hahn
|
0-0: Called Strike 0-1: Ball 1-1: Foul Ball, location: 2F 1-2: Foul Ball, location: 2F 1-2: Ball 2-2: Ground out 3-1 (Groundball, 34S, EV 82.5 MPH)
|
|
Batting: LHB Raymond Rivas
|
0-0: Ball 1-0: Ball 2-0: Ball 3-0: Base on Balls
|
|
Batting: LHB Ernie Riles
|
0-0: Fly out, F8 (Line Drive, 8LD, EV 90.0 MPH)
|
| Top of the 5th over - 0 runs, 0 hits, 0 errors, 1 left on base; Phoenix 3 - Eugene 2 |
| BOTTOM OF THE 5TH |
|
Eugene Emeralds batting - Pitching for Phoenix Giants : LHP Robert Blake
|
|
Batting: RHB Mike Diaz
|
0-0: Ball 1-0: Ball 2-0: Foul Ball, location: 2F 2-1: Foul Ball, location: 2F 2-2: Ball 3-2: Foul Ball, location: 2F 3-2: Base on Balls
|
|
Batting: LHB Richard Rickman
|
0-0: Bunt missed! 0-1: Bunt missed! 0-2: Ball 1-2: Ball 2-2: Ball 3-2: Base on Balls Mike Diaz to second
|
|
Batting: LHB James Peters
|
0-0: Foul Ball, location: 2F 0-1: Ball 1-1: Ball 2-1: Foul Ball, location: 2F 2-2: Ball 3-2: Foul Ball, location: 2F 3-2: Strikes out looking
|
|
Batting: LHB Randy Bush
|
0-0: Ball 1-0: Ball 2-0: Fly out, F8 (Flyball, 78XD, EV 85.6 MPH) Runner from 2nd tags up, SAFE at 3rd, no throw by CF
|
|
Batting: LHB Ty Gainey
|
0-0: Called Strike Richard Rickman is caught stealing 2nd base 2-6
|
| Bottom of the 5th over - 0 runs, 0 hits, 0 errors, 1 left on base; Phoenix 3 - Eugene 2 |
| TOP OF THE 6TH |
|
Phoenix Giants batting - Pitching for Eugene Emeralds : RHP Armando Gutierrez
|
|
Batting: SHB John Macauley
|
0-0: Ball 1-0: Called Strike 1-1: Ground out 4-3 (Groundball, 4, EV 80.6 MPH)
|
|
Batting: RHB Paul Zuvella
|
0-0: Ball 1-0: Called Strike 1-1: Ground out 4-3 (Groundball, 4, EV 81.9 MPH)
|
|
Batting: LHB Joseph Bruno
|
0-0: Ball 1-0: Ball 2-0: Ball 3-0: Called Strike 3-1: Base on Balls
|
|
Batting: SHB Razor Shines
|
0-0: Ball 1-0: DOUBLE (Flyball, 5D, EV 100.0 MPH) Joseph Bruno to third Runner from 3rd tries for Home, SAFE, no throw by LF
|
|
Batting: LHB Glenn Arnett
|
0-0: Ground out 6-3 (Groundball, 6, EV 95.0 MPH)
|
| Top of the 6th over - 1 run, 1 hit, 0 errors, 1 left on base; Phoenix 4 - Eugene 2 |
| BOTTOM OF THE 6TH |
|
Eugene Emeralds batting - Pitching for Phoenix Giants : LHP Robert Blake
|
|
Batting: LHB Ty Gainey
|
0-0: Ball 1-0: Swinging Strike 1-1: Foul Ball, location: 2F 1-2: Strikes out swinging
|
|
Batting: LHB Dave Revering
|
0-0: Fly out, F8 (Flyball, 89XD, EV 98.1 MPH)
|
|
Batting: RHB Tim Wallach
|
0-0: Hit by Pitch
|
|
Batting: LHB Rick Lancellotti
|
0-0: Ball 1-0: SINGLE (Line Drive, 6MD, EV 101.3 MPH) Tim Wallach to second
|
|
Batting: RHB Alan McDonald
|
0-0: Fly out, F8 (Line Drive, 8RD, EV 88.8 MPH)
|
| Bottom of the 6th over - 0 runs, 1 hit, 0 errors, 2 left on base; Phoenix 4 - Eugene 2 |
| TOP OF THE 7TH |
|
Phoenix Giants batting - Pitching for Eugene Emeralds : RHP Armando Gutierrez
|
|
Batting: LHB Frank Gill
|
0-0: Ball 1-0: Ball 2-0: Ball 3-0: Called Strike 3-1: Fly out, F7 (Flyball, 7, EV 76.9 MPH)
|
|
Batting: LHB Gordon Hahn
|
0-0: Ball 1-0: Called Strike 1-1: Ball 2-1: Fly out, F5 (Popup, 25F, EV 81.9 MPH)
|
|
Batting: LHB Raymond Rivas
|
0-0: Ball 1-0: Called Strike 1-1: Ball 2-1: Swinging Strike 2-2: Ball 3-2: Base on Balls
|
|
Batting: LHB Ernie Riles
|
0-0: Called Strike Raymond Rivas steals 2nd base 0-1: Ground out U3 (Groundball, 13, EV 90.0 MPH)
|
| Top of the 7th over - 0 runs, 0 hits, 0 errors, 1 left on base; Phoenix 4 - Eugene 2 |
| BOTTOM OF THE 7TH |
|
Eugene Emeralds batting - Pitching for Phoenix Giants : LHP Robert Blake
|
|
Batting: RHB Mike Diaz
|
0-0: Ball 1-0: Ball 2-0: Ball 3-0: Called Strike 3-1: Foul Ball, location: 2F 3-2: Strikes out swinging
|
|
Pitching: RHP Pete Ladd
|
|
|
Batting: LHB Richard Rickman
|
0-0: Ball 1-0: Called Strike 1-1: SINGLE (Popup, 4D, EV 55.0 MPH)
|
|
Batting: LHB James Peters
|
0-0: Swinging Strike 0-1: Fielders Choice at 2nd, 1-4 (Groundball, 15S, EV 72.5 MPH)
|
|
Batting: LHB Randy Bush
|
0-0: Ball 1-0: Ball 2-0: Ball 3-0: Called Strike 3-1: Ground out U3 (Groundball, 3, EV 105.0 MPH)
|
| Bottom of the 7th over - 0 runs, 1 hit, 0 errors, 1 left on base; Phoenix 4 - Eugene 2 |
| TOP OF THE 8TH |
|
Phoenix Giants batting - Pitching for Eugene Emeralds : RHP Armando Gutierrez
|
|
Batting: SHB John Macauley
|
0-0: Called Strike 0-1: Ball 1-1: Ball 2-1: Called Strike 2-2: Ball 3-2: Foul Ball, location: 2F 3-2: Foul Ball, location: 2F 3-2: Foul Ball, location: 2F 3-2: Reached on error, E5 (Groundball, 5, EV 84.4 MPH)
|
|
Batting: RHB Paul Zuvella
|
0-0: Swinging Strike 0-1: Foul Ball, location: 2F 0-2: Ball 1-2: Strikes out looking
|
|
Batting: LHB Joseph Bruno
|
0-0: Intentional Walk
|
|
Batting: SHB Razor Shines
|
0-0: Foul Ball, location: 2F 0-1: Fly out, F7 (Flyball, 7S, EV 93.8 MPH)
|
|
Batting: LHB Glenn Arnett
|
0-0: Foul Ball, location: 2F 0-1: Foul Ball, location: 2F 0-2: Ball 1-2: Foul Ball, location: 2F 1-2: Ball 2-2: Foul Ball, location: 2F 2-2: Ball 3-2: Ground out 5-3 (Groundball, 56, EV 82.5 MPH)
|
| Top of the 8th over - 0 runs, 0 hits, 1 error, 2 left on base; Phoenix 4 - Eugene 2 |
| BOTTOM OF THE 8TH |
|
Eugene Emeralds batting - Pitching for Phoenix Giants : RHP Pete Ladd
|
|
Batting: LHB Ty Gainey
|
0-0: Ball 1-0: Called Strike 1-1: Called Strike 1-2: Ball 2-2: Fly out, F8 (Line Drive, 8RD, EV 106.3 MPH)
|
|
Batting: LHB Dave Revering
|
0-0: Called Strike 0-1: Called Strike 0-2: Ball 1-2: Ball 2-2: Foul Ball, location: 2F 2-2: Ball 3-2: Strikes out looking
|
|
Batting: RHB Tim Wallach
|
0-0: Ball 1-0: Swinging Strike 1-1: Ball 2-1: Ball 3-1: Base on Balls
|
|
Batting: LHB Rick Lancellotti
|
0-0: Ball 1-0: Ground out 2-3 (Groundball, 2L, EV 70.0 MPH)
|
| Bottom of the 8th over - 0 runs, 0 hits, 0 errors, 1 left on base; Phoenix 4 - Eugene 2 |
| TOP OF THE 9TH |
|
Phoenix Giants batting - Pitching for Eugene Emeralds : RHP Armando Gutierrez
|
|
Batting: LHB Frank Gill
|
0-0: Ball 1-0: Foul Ball, location: 2F 1-1: Called Strike 1-2: Foul Ball, location: 2F 1-2: Ball 2-2: Foul Ball, location: 2F 2-2: Fly out, F7 (Flyball, 7S, EV 86.3 MPH)
|
|
Batting: LHB Gordon Hahn
|
0-0: Called Strike 0-1: Foul Ball, location: 2F 0-2: Ball 1-2: Strikes out swinging
|
|
Batting: LHB Raymond Rivas
|
0-0: Called Strike 0-1: Ball 1-1: Called Strike 1-2: Ball 2-2: Ball 3-2: Foul Ball, location: 2F 3-2: Base on Balls
|
|
Batting: LHB Ernie Riles
|
0-0: Ball 1-0: Called Strike 1-1: Ball 2-1: Called Strike 2-2: Ground out 1-3 (Groundball, 13S, EV 71.3 MPH)
|
| Top of the 9th over - 0 runs, 0 hits, 0 errors, 1 left on base; Phoenix 4 - Eugene 2 |
| BOTTOM OF THE 9TH |
|
Eugene Emeralds batting - Pitching for Phoenix Giants : RHP Pete Ladd
|
|
Pitching: RHP Charles Davis
|
|
|
Now at 1B: Adam Veldman
|
|
|
Batting: RHB Alan McDonald
|
0-0: Fly out, F7 (Line Drive, 7, EV 92.5 MPH)
|
|
Batting: RHB Mike Diaz
|
0-0: Called Strike 0-1: Ground out 6-3 (Groundball, 6, EV 89.4 MPH)
|
|
Batting: LHB Richard Rickman
|
0-0: Ground out 5-3 (Groundball, 56, EV 89.4 MPH)
|
| Bottom of the 9th over - 0 runs, 0 hits, 0 errors, 0 left on base; Phoenix 4 - Eugene 2 |
|